 Dungeon Crawl Stone Soup version 0.22.1-5-g62c59d9 (webtiles) character file.

47482 sanboga the Severer (level 14, 0/94 HPs)
             Began as a Gargoyle Berserker on Jan 7, 2019.
             Was the Champion of Trog.
             Slain by Kirke (16 damage)
             ... on level 6 of the Lair of Beasts.
             The game lasted 00:28:09 (13884 turns).

sanboga the Severer (Gargoyle Berserker)           Turns: 13884, Time: 00:28:09

Health: 0/94       AC:  0    Str: 27    XL:     14   Next: 42%
Magic:  14/14      EV: 14    Int:  9    God:    Trog [******]
Gold:   1257       SH:  0    Dex:  9    Spells: 13/13 levels left

rFire    . . .     SeeInvis .   (weapon currently unavailable)
rCold    . . .     Gourm    .   (shield currently unavailable)
rNeg     + . .     Faith    .   (armour currently unavailable)
rPois    ∞         Spirit   .   (helmet currently unavailable)
rElec    .         Reflect  .   (cloak currently unavailable)
rCorr    .         Harm     .   (gloves currently unavailable)
MR       +....                  (boots currently unavailable)
Stlth    +.........             (no amulet)
HPRegen  0.25/turn              (ring currently unavailable)
MPRegen  0.14/turn              (ring currently unavailable)

@: pig-form, flying, slowed
A: small, blurry vision 1, negative energy resistance 1, strong 1, petrification
resistance, rot immunity, AC +10
a: Berserk, Trog's Hand, Brothers in Arms, Renounce Religion


You were on level 6 of the Lair of Beasts.
You worshipped Trog.
Trog was exalted by your worship.
You were not hungry.
You were a filthy swine.
You visited 2 branches of the dungeon, and saw 17 of its levels.
You also visited: Labyrinth and Sewer.

You collected 1257 gold pieces.

Inventory:

Hand Weapons
 b - a +2 executioner's axe of flaming
 n - the +8 mithril axe "Arga" (melded) {speed, MR+}
   (You found it on level 5 of the Dungeon)

   Attacks with this weapon are significantly faster.
   It affects your resistance to hostile enchantments.
 p - a +9 executioner's axe of chopping
Armour
 f - a +1 pair of boots (melded)
 o - a +0 plate armour (melded)
 z - a +2 hat (melded)
 N - a +0 pair of gloves of archery (melded)
Jewellery
 j - a ring of resist corrosion (melded)
 C - a ring of stealth (melded)
 D - an uncursed ring of fire
 F - a cursed ring of teleportation {unknown}
Wands
 l - a wand of acid (16)
 r - a wand of iceblast (19)
 u - a wand of paralysis (19)
 x - a wand of flame (35)
 H - a wand of disintegration (12)
 I - a wand of digging (13)
 J - a wand of random effects (27)
 K - a wand of enslavement (15)
 M - a wand of polymorph (11)
Scrolls
 d - 6 scrolls of fog
 g - 3 scrolls of magic mapping
 i - 2 scrolls of fear
 k - 16 scrolls of teleportation
 m - 14 scrolls of identify
 t - 7 scrolls of remove curse
 y - 4 scrolls of blinking
 B - 2 scrolls of enchant armour
 L - a scroll of holy word
Potions
 a - 5 potions of mutation
 e - 3 potions of cancellation
 h - 7 potions of curing
 q - a potion of haste
 s - 4 potions of agility
 v - a potion of invisibility
 w - 3 potions of might
 E - a potion of heal wounds
 G - a potion of resistance
Comestibles
 c - 22 rations
 A - 11 chunks of flesh


   Skills:
 + Level 13.6 Fighting
 * Level 15.6 Axes
 + Level 13.4 Armour
 - Level 1.5 Dodging


You had 13 spell levels left.
You didn't know any spells.
Your spell library was empty.

Dungeon Overview and Level Annotations

Branches:
Dungeon (11/15)            Temple (0/1) D:4            Lair (6/6) D:11
  Swamp (0/4) Lair:2       Spider (0/4) Lair:4        Slime (0/5) Lair:5
    Orc (0/2) D:9

Altars:
Ashenzari
Elyvilon
Kikubaaqudgha
Makhleb
Okawaru
Trog
Vehumet
Wu Jian
The Shining One
Lugonu

Annotations:
Lair:6 Kirke


Innate Abilities, Weirdness & Mutations

You are resistant to torment.
((Your stone body is resilient. (AC +10)))
You are immune to poison.
((Your large and strong wings let you fly indefinitely.))
You resist negative energy. (rN+)
((You are resistant to electric shocks. (rElec)))
((You can survive without breathing.))
You are immune to petrification.
You are immune to rotting.
Scrolls take you a little longer to read.
Your muscles are strong. (Str +2)


Message History

The +8 mithril axe "Arga" {speed, MR+} melds into your body.
Your +2 hat melds into your body.
Your +0 pair of gloves of archery melds into your body.
Your +1 pair of boots melds into your body.
Your +0 plate armour melds into your body.
Your ring of resist corrosion melds into your body.
Your ring of stealth melds into your body.
Your aim is not that steady anymore.
Really read with blurry vision while enemies are nearby? [Y]es or [N]o only, please.
Really read with blurry vision while enemies are nearby? [Y]es or [N]o only, please.
Really read with blurry vision while enemies are nearby? [Y]es or [N]o only, please.
Really read with blurry vision while enemies are nearby?
Something hits you.
* * * LOW HITPOINT WARNING * * *
You begin reading the scroll.
You continue reading the scroll.
Something hits you!
You die...

......#P....###...#.....#......##
......#....####...#.....#†.†.....
............#............#.....P#
..........<......##......##......
..#.##............#.....##......#
#.#####....÷÷P..##.......#...P###
.#...#P...÷.########....##...P###
.............#####......#.P....##
..........<.....hh...............
##.P.##P#####.###{#####.....###.#
######### ### ### #####.# ### ###


You could see a hog (paralysed).

Vanquished Creatures
  Gastronok (D:8)
  A minotaur (Lab)
  Harold (D:7)
  Erolcha (D:10)
  2 hydras
  A catoblepas (Lair:5)
  A two-headed ogre (D:8)
  6 death yaks (Lair:4)
  Erica (Lair:2)
  Nergalle (D:10)
  Pikel (D:5)
  An ugly thing (D:11)
  6 black mambas
  6 elephants (Lair:4)
  6 spiny frogs
  A gargoyle (Lab)
  A rime drake (Lair:2)
  8 komodo dragons
  3 kobold demonologists (D:11)
  A minotaur skeleton (Lab)
  A troll (D:11)
  Prince Ribbit (D:8)
  A hornet (D:7)
  5 hippogriffs
  4 dream sheep (Lair:5)
  Sigmund (D:5)
  A redback (Lab)
  A wyvern (Lair:2)
  5 hogs (Lair:6)
  79 yaks
  10 hungry ghosts
  2 steam dragons
  2 basilisks
  Menkaure (D:4)
  Edmund (D:4)
  13 water moccasins
  Duvessa (D:4)
  A hell hound (Lair:6)
  5 ice beasts
  Purgy (Sewer)
  8 porcupines
  3 sky beasts
  An orc warrior (D:5)
  A black bear (D:7)
  4 slaves (D:5)
  4 wolves (Lair:6)
  4 ogres
  7 centaurs
  6 crocodiles
  3 big kobolds
  12 bullfrogs
  A gnoll sergeant (D:10)
  3 scorpions (D:8)
  Dowan (D:4)
  7 wights
  10 killer bees
  5 howler monkeys
  A bullfrog zombie (D:10)
  7 crimson imps
  8 orc priests
  3 bullfrog skeletons
  2 centaur skeletons
  6 hounds
  10 orc wizards
  14 jellies
  An iguana (D:10)
  Jessica (D:2)
  6 hell rats (Lair:5)
  7 worker ants
  2 worker ant zombies (D:10)
  A howler monkey zombie (D:11)
  Robin (D:4)
  10 gnolls
  A howler monkey skeleton (D:4)
  6 adders
  2 shadow imps
  2 oozes (Lair:5)
  An adder zombie (D:10)
  An adder skeleton (D:9)
  4 dart slugs
  7 leopard geckos
  45 orcs
  7 giant cockroaches
  13 goblins
  13 hobgoblins
  5 jackals
  23 kobolds
  3 quokkas
  3 ball pythons
  A ball python skeleton (D:4)
  7 bats
  6 frilled lizards
  10 rats
  2 demonic plants (D:11)
  4 fungi
  9 plants
521 creatures vanquished.

Vanquished Creatures (others)
  17 fungi
  9 plants
26 creatures vanquished.

Grand Total: 547 creatures vanquished

Notes
Turn   | Place    | Note
-------+----------+-------------------------------------------
     0 | D:1      | sanboga the Gargoyle Berserker began the quest for the Orb.
     0 | D:1      | Reached XP level 1. HP: 14/14 MP: 1/1
   214 | D:1      | Reached skill level 3 in Axes
   214 | D:1      | Reached XP level 2. HP: 19/19 MP: 2/2
   349 | D:1      | Reached XP level 3. HP: 15/23 MP: 3/3
   559 | D:1      | Reached ** piety under Trog
   956 | D:1      | Gained mutation: You are frail. (-10% HP) [potion of
                  | mutation]
   956 | D:1      | Gained mutation: Your muscles are strong. (Str +2) [potion
                  | of mutation]
   956 | D:1      | Gained mutation: You expend magic power (3 MP) to
                  | strengthen your wands. [potion of mutation]
   957 | D:1      | Lost mutation: Your muscles are strong. (Str +2) [potion of
                  | mutation]
   957 | D:1      | Lost mutation: You are frail. (-10% HP) [potion of
                  | mutation]
   957 | D:1      | Lost mutation: You expend magic power (3 MP) to strengthen
                  | your wands. [potion of mutation]
   957 | D:1      | Gained mutation: You are dopey. (Int -2) [potion of
                  | mutation]
   957 | D:1      | Gained mutation: You have a pair of small horns on your
                  | head. [potion of mutation]
   972 | D:2      | Found a radiant altar of Vehumet.
  1012 | D:2      | Found an ancient bone altar of Kikubaaqudgha.
  1015 | D:2      | Found an iron altar of Okawaru.
  1111 | D:2      | Noticed Jessica
  1124 | D:2      | Killed Jessica
  1124 | D:2      | Reached XP level 4. HP: 13/29 MP: 4/4
  1240 | D:2      | Found an ornate altar of the Wu Jian Council.
  1466 | D:2      | Found a white marble altar of Elyvilon.
  1542 | D:2      | Found a glowing golden altar of the Shining One.
  1542 | D:2      | Found a bloodstained altar of Trog.
  1691 | D:2      | Found a burning altar of Makhleb.
  1701 | D:2      | Reached skill level 4 in Axes
  1701 | D:2      | Reached XP level 5. HP: 23/33 MP: 5/5
  2006 | D:3      | Reached *** piety under Trog
  2042 | D:3      | Reached XP level 6. HP: 28/39 MP: 6/6
  2617 | D:4      | Noticed Menkaure
  2624 | D:4      | Killed Menkaure
  2624 | D:4      | Reached skill level 5 in Fighting
  2624 | D:4      | Reached skill level 5 in Axes
  2658 | D:4      | Reached XP level 7. HP: 17/44 MP: 7/7
  2783 | D:4      | Noticed Dowan
  2784 | D:4      | Noticed Edmund
  2784 | D:4      | Noticed Duvessa
  2794 | D:4      | Killed Dowan
  2797 | D:4      | Killed Edmund
  2797 | D:4      | Reached **** piety under Trog
  2799 | D:4      | Killed Duvessa
  2916 | D:4      | Found a staircase to the Ecumenical Temple.
  2992 | D:4      | Noticed Robin
  3010 | D:4      | Killed Robin
  3010 | D:4      | Reached skill level 6 in Axes
  3334 | D:5      | Entered Level 5 of the Dungeon
  3377 | D:5      | Reached skill level 5 in Armour
  3449 | D:5      | Found the +8 mithril axe "Arga" {speed, MR+}
  3461 | D:5      | Found a glowing drain.
  3467 | D:5      | Reached XP level 8. HP: 37/51 MP: 8/8
  3491 | Sewer    | Entered a sewer
  3695 | Sewer    | Noticed Purgy
  3699 | Sewer    | Killed Purgy
  3773 | D:5      | Noticed Sigmund
  3789 | D:5      | Killed Sigmund
  3789 | D:5      | Reached skill level 7 in Axes
  3892 | D:5      | Noticed Pikel
  3927 | D:5      | Killed Pikel
  3927 | D:5      | Reached XP level 9. HP: 57/57 MP: 9/9
  3987 | D:5      | Reached ***** piety under Trog
  3987 | D:5      | Reached skill level 8 in Axes
  4689 | D:7      | Noticed a hornet
  4699 | D:7      | Killed a hornet
  4699 | D:7      | Reached skill level 9 in Axes
  4783 | D:7      | Noticed Harold
  4801 | D:7      | Killed Harold
  4801 | D:7      | Reached XP level 10. HP: 50/65 MP: 10/10
  4947 | D:7      | Found a shattered altar of Ashenzari.
  5297 | D:7      | Reached skill level 10 in Axes
  5527 | D:8      | Noticed Prince Ribbit
  5533 | D:8      | Killed Prince Ribbit
  5555 | D:8      | Noticed a two-headed ogre
  5561 | D:8      | HP: 3/97 [two-headed ogre/giant club (12)]
  5563 | D:8      | Killed a two-headed ogre
  5565 | D:8      | Received a gift from Trog
  6072 | D:8      | Noticed Gastronok
  6085 | D:8      | Killed Gastronok
  6085 | D:8      | Received a gift from Trog
  6085 | D:8      | Reached skill level 11 in Axes
  6085 | D:8      | Reached XP level 11. HP: 72/72 MP: 11/11
  6513 | D:9      | Reached skill level 10 in Fighting
  6648 | D:9      | Found a staircase to the Orcish Mines.
  7288 | D:10     | Entered Level 10 of the Dungeon
  7294 | D:10     | Noticed Nergalle
  7313 | D:10     | Killed Nergalle
  7313 | D:10     | Reached skill level 10 in Armour
  7375 | D:10     | Noticed Erolcha
  7387 | D:10     | Killed Erolcha
  7387 | D:10     | Reached skill level 12 in Axes
  8074 | D:11     | Noticed a red ugly thing
  8084 | D:11     | Killed a red ugly thing
  8280 | D:11     | Received a gift from Trog
  8280 | D:11     | Reached XP level 12. HP: 79/79 MP: 12/12
  8411 | D:11     | Found a corrupted altar of Lugonu.
  8522 | D:11     | Found a staircase to the Lair.
  8997 | D:11     | Reached skill level 13 in Axes
  9045 | Lair:1   | Entered Level 1 of the Lair of Beasts
  9046 | Lair:1   | Noticed a five-headed hydra
  9057 | Lair:1   | Killed a ten-headed hydra
  9517 | Lair:1   | Reached XP level 13. HP: 78/86 MP: 13/13
  9736 | Lair:2   | Received a gift from Trog
  9758 | Lair:2   | Noticed Erica
  9767 | Lair:2   | Killed Erica
  9767 | Lair:2   | Reached skill level 14 in Axes
 10068 | Lair:2   | Found a staircase to the Swamp.
 11078 | Lair:4   | Found a labyrinth entrance.
 11087 | Lab      | Entered a labyrinth
 11602 | Lab      | Noticed a minotaur
 11612 | Lab      | Killed a minotaur
 12193 | Lair:4   | Reached skill level 15 in Axes
 12200 | Lair:4   | Reached ****** piety under Trog
 12206 | Lair:4   | Gained mutation: Your large and strong wings let you fly
                  | indefinitely. [Gargoyle growth]
 12206 | Lair:4   | Reached XP level 14. HP: 52/94 MP: 14/14
 12454 | Lair:4   | Identified a scroll of acquirement
 12690 | Lair:4   | Found a hole to the Spider Nest.
 13161 | Lair:5   | Found a staircase to the Slime Pits.
 13209 | Lair:5   | Received a gift from Trog
 13605 | Lair:6   | Entered Level 6 of the Lair of Beasts
 13834 | Lair:6   | Noticed Kirke
 13882 | Lair:6   | Lost mutation: You have a pair of small horns on your head.
                  | [potion of mutation]
 13882 | Lair:6   | Lost mutation: You are dopey. (Int -2) [potion of mutation]
 13882 | Lair:6   | Gained mutation: Scrolls take you a little longer to read.
                  | [potion of mutation]
 13882 | Lair:6   | Gained mutation: Your muscles are strong. (Str +2) [potion
                  | of mutation]
 13884 | Lair:6   | Slain by Kirke

Skill      XL: |  1  2  3  4  5  6  7  8  9 10 11 12 13 14 |
---------------+-------------------------------------------+-----
Axes           | 3 4 5 6 7 9 11 12 13 15 | 15.6
Armour         | 3 4 5 6 8 9 10 11 12 13 | 13.4
Fighting       | 4 5 7 8 9 10 12 13 | 13.6
Dodging        | |  1.5

Action                   |  1- 3 |  4- 6 |  7- 9 | 10-12 | 13-15 || total
-------------------------+-------+-------+-------+-------+-------++-------
Melee: Hand axe          |   101 |   139 |    59 |       |       ||   299
       Headbutt          |     1 |    20 |    23 |    94 |    89 ||   227
       Broad axe         |       |       |   140 |   539 |   372 ||  1051
       Executioner's axe |       |       |       |       |    55 ||    55
       Unarmed           |       |       |       |       |     6 ||     6
Invok: Berserk           |       |     3 |     3 |     4 |     2 ||    12
 Abil: Fly               |       |       |       |       |     1 ||     1
Evoke: Wand              |       |       |       |       |     6 ||     6
  Use: Potion            |     6 |     1 |     1 |       |     3 ||    11
       Scroll            |     3 |     9 |     6 |     9 |     7 ||    34
  Eat: Chunk             |       |     8 |     6 |    18 |    12 ||    44
       Ration            |       |       |     1 |     1 |     4 ||     6
Armor: Animal skin       |     5 |       |       |       |       ||     5
       Ring mail         |    57 |    78 |       |       |       ||   135
       Chain mail        |       |     1 |    38 |       |       ||    39
       Plate armour      |       |       |    96 |   292 |   290 ||   678
Dodge: Dodged            |    69 |    94 |    74 |   134 |   126 ||   497
